 Dungeon Crawl Stone Soup version 0.21-a0-265-gb353147 (webtiles) character file.

101 Jail the Cudgeler (level 4, -10/45 HPs)
             Began as a Troll Berserker on Sept 10, 2017.
             Was a Believer of Trog.
             Mangled by a gnoll
             ... wielding a +0 spear
              (11 damage)
             ... on level 2 of the Dungeon.
             The game lasted 00:03:24 (1206 turns).

Jail the Cudgeler (Troll Berserker)                 Turns: 1206, Time: 00:03:26

Health: -10/45     AC:  5    Str: 26    XL:     4   Next: 48%
Magic:  3/3        EV: 10    Int:  3    God:    Trog [**....]
Gold:   133        SH:  0    Dex:  9    Spells: 3/3 levels left

rFire    . . .     SeeInvis .   a - +0 mace
rCold    . . .     Gourm    +   (no shield)
rNeg     . . .     Faith    .   b - +0 animal skin
rPois    .         Spirit   .   (helmet restricted)
rElec    .         Reflect  .   (no cloak)
rCorr    .         Harm     .   (gloves unavailable)
MR       ++...                  (boots unavailable)
Stlth    +.........             (no amulet)
HPRegen  1.55/turn              (no ring)
MPRegen  0.08/turn              (no ring)

@: berserk cooldown, regenerating, slowed, very slow
A: unfitting armour, claws 3, fast metabolism 3, gourmand, regeneration 1,
shaggy fur 1, tough skin 2
a: Berserk, Trog's Hand, Burn Spellbooks, Renounce Religion


You were on level 2 of the Dungeon.
You worshipped Trog.
Trog was pleased with you.
You were very full.

You visited 1 branch of the dungeon, and saw 2 of its levels.

You collected 133 gold pieces.

Inventory:

Hand Weapons
 a - a +0 mace (weapon)
Armour
 b - a +0 animal skin (worn)
Jewellery
 h - a +3 ring of evasion {unknown}
Scrolls
 d - a scroll of remove curse {unknown}
 e - a scroll of recharging {unknown}
 i - 2 scrolls of noise {unknown}
 k - a scroll of magic mapping {unknown}
Potions
 g - 2 potions of curing {unknown}
 j - a potion of might {unknown}
 l - a potion of brilliance {unknown}
 n - a potion of haste {unknown}
Comestibles
 c - 4 bread rations
 f - a meat ration
 m - 2 chunks of flesh


   Skills:
 + Level 3.1 Fighting
 + Level 3.6 Maces & Flails
 + Level 3.2 Dodging


You had 3 spell levels left.
You didn't know any spells.

Dungeon Overview and Level Annotations

Branches:
Dungeon (2/15)

Altars:
Cheibriados


Innate Abilities, Weirdness & Mutations

You are too large for most types of armour.
You have claws for hands.
Your metabolism is lightning-fast.
You like to eat raw meat.
Your natural rate of healing is unusually fast.
You are covered in fur. (AC +1)
You have very tough skin. (AC +2)


Message History

The gnoll is almost dead.
You feel sick.
You are no longer poisoned.
The gnoll closely misses you.
You hit the gnoll.
You kill the gnoll!
Trog accepts your kill.
You feel a strong urge to attack something.
You are no longer berserk.
You are exhausted.
You feel yourself slow down.
The gnoll hits you from afar with a spear.
* * * LOW HITPOINT WARNING * * *
Your skin crawls.
You feel resistant to hostile enchantments.
You feel somewhat less full.
The gnoll hits you from afar with a spear.
* * * LOW HITPOINT WARNING * * *
The gnoll hits you from afar with a spear!
You die...

####......##.#### #....
.........##.#### #....
..........#...... #....
.....#+#..####### ...#
####.#.#..# #..# #.#'#..#
### #..# #......###.###
#..#######......#.#...#
#...g.@..'......##.##..
#.########......###.#..
#.# #..........## ##.##
#g# #.#........## ##.#
#)# #.#.......÷.######.
###.###+#..............÷#
#................########
#......%%........#
#................#


You could see a gnoll.

Vanquished Creatures
  3 gnolls (D:2)
  3 adders (D:2)
  A worm (D:2)
  2 dart slugs
  A leopard gecko (D:1)
  2 ball pythons (D:1)
  2 giant cockroaches (D:1)
  3 goblins
  6 hobgoblins
  2 jackals (D:2)
  A quokka (D:2)
  5 bats
  3 frilled lizards
  A kobold (D:2)
  4 rats
39 creatures vanquished.

Notes
Turn   | Place    | Note
-------+----------+-------------------------------------------
     0 | D:1      | Jail the Troll Berserker began the quest for the Orb.
     0 | D:1      | Reached XP level 1. HP: 22/22 MP: 0/0
   166 | D:1      | Reached XP level 2. HP: 29/29 MP: 1/1
   320 | D:1      | Found a snail-covered altar of Cheibriados.
   866 | D:2      | Reached XP level 3. HP: 36/36 MP: 2/2
   909 | D:2      | Reached ** piety under Trog
  1174 | D:2      | Reached XP level 4. HP: 35/45 MP: 3/3
  1206 | D:2      | HP: 1/45 [gnoll/spear (5)]
  1206 | D:2      | Mangled by a gnoll

Vault maps used:
D:1:      onia_arrival_mini_maze, minmay_misc_feat_ornament, cheibriados_altar_1
D:2:      wad_crossroads, first_bread

Skill      XL: |  1  2  3 |
---------------+----------+-----
Maces & Flails | 3 |  3.6
Dodging        | 3 |  3.2
Fighting       | 3 |  3.1

Action                   |  1- 3 |  4- 6 || total
-------------------------+-------+-------++-------
Melee: Mace              |   136 |    10 ||   146
Invok: Berserk           |       |     1 ||     1
       Trog's Hand       |       |     1 ||     1
 Stab: Sleeping          |     1 |       ||     1
  Eat: Chunk             |    17 |       ||    17
Armor: Animal skin       |    64 |       ||    64
Dodge: Dodged            |   104 |     6 ||   110

Table legend:
 A = Spawn XP
 B = Non-spawn XP
 C = Spawn XP percentage of total XP
 D = Spawn monster count
 E = Non-spawn monster count
 F = Spawn count percentage of total count
 G = Total turns spent on level
                    A         B        C        D         E        F      G
               +---------+---------+-------+---------+---------+-------+---------
         Total |       0 |     145 |   0.0 |       0 |      39 |   0.0 |  1206
               +---------+---------+-------+---------+---------+-------+---------
           D:1 |       0 |      32 |   0.0 |       0 |      17 |   0.0 |   790
           D:2 |       0 |     113 |   0.0 |       0 |      22 |   0.0 |   416
               +---------+---------+-------+---------+---------+-------+---------
